 Dungeon Crawl Stone Soup version 0.30-a0-948-g4fa250aae5 (webtiles) character file.

Game seed: 15024930000822965020

47 Zonian the Ducker (level 3, -1/22 HPs)
             Began as a Tengu Gladiator on Mar 26, 2023.
             Slain by an iguana (8 damage)
             ... on level 3 of the Dungeon.
             The game lasted 00:01:55 (1454 turns).

Zonian the Ducker (Tengu Gladiator)                 Turns: 1454, Time: 00:01:56

Health: -1/22      AC:  3    Str: 16    XL:     3   Next: 70%
Magic:  4/4        EV: 12    Int:  8    God:
Gold:   67         SH:  3    Dex: 15    Spells: 2/2 levels left

rFire   . . .      SeeInvis .      - Unarmed
rCold   . . .      Faith    .    h - +0 buckler
rNeg    . . .      Spirit   .    a - +0 leather armour
rPois   .          Reflect  .    b - +0 hat
rElec   .          Rampage  .    (no cloak)
rCorr   .                        (no gloves)
Will    .....                    (boots unavailable)
Stlth   +                        (no amulet)
HPRegen 0.23/turn                (no ring)
MPRegen 0.09/turn                (no ring)

@: no status effects
A: beak, talons 3
a: no special abilities


You were on level 3 of the Dungeon.
You visited 1 branch of the dungeon, and saw 3 of its levels.

You collected 67 gold pieces.

Inventory:

Missiles
 c - 3 throwing nets (quivered)
 d - a javelin
 i - 4 poisoned darts
 k - 2 datura-tipped darts
Armour
 a - a +0 leather armour (worn)
 b - a +0 hat (worn)
 h - a +0 buckler (worn)
Scrolls
 e - a scroll of blinking {unknown}
 f - a scroll of noise {unknown}
 g - a scroll of enchant armour {unknown}
 m - a scroll of fog {unknown}
Potions
 j - a potion of curing
 l - 2 potions of might


   Skills:
 + Level 2.7 Fighting
 - Level 2.0 Throwing
 + Level 3.9 Dodging
 + Level 3.9 Unarmed Combat


You had 2 spell levels left.
You didn't know any spells.
Your spell library was empty.

Dungeon Overview and Level Annotations

Branches:
Dungeon (3/15)

Altars:


Innate Abilities, Weirdness & Mutations

You have a beak for a mouth.
You have claws for feet.


Message History

Unknown command.
f - a scroll labelled SIELES ASME You now have 57 gold pieces (gained 14).
An adder comes into view.
The adder hisses angrily.
Unknown command.
You see here 10 gold pieces.
You now have 67 gold pieces (gained 10).
The adder misses you.
You hit the adder. You peck the adder.
The adder is heavily wounded.
The adder bites you.
You barely miss the adder. You claw the adder. Your peck misses the adder.
The adder is almost dead.
The adder closely misses you. The adder barely misses you.
You hit the adder.
You kill the adder!
You see here an adder corpse.
An iguana comes into view.
An iguana is nearby!
Unknown command.
The iguana hisses angrily.
You barely miss the iguana. The iguana misses you.
You hit the iguana but do no damage. You claw the iguana, but do no damage.
The iguana bites you.
You hit the iguana. Your kick misses the iguana. You peck the iguana.
The iguana is moderately wounded.
The iguana bites you.
You hit the iguana.
The iguana is heavily wounded.
The iguana bites you!
Ouch! That really hurt!
* * * LOW HITPOINT WARNING * * *
You are too injured to fight recklessly!
Unknown command.
You hit the iguana. You claw the iguana, but do no damage.
The iguana is heavily wounded.
The iguana barely misses you. The iguana attacks as you move away!
The iguana bites you!
You die...

#. ######### #.
#......... #.
#.......... #.
#..........# #.
#..........#
######.####..........#
.....................#
.......@##...........#
.......l##...........#
........###..........#
........# #..†.......#
........# ##..#####...
........# ##.#####.###
........# #..........
........# ###.###.#.#
........# #.#


You could see an iguana.

Vanquished Creatures
  2 adders
  A dart slug (D:1)
  5 bats
  3 endoplasms
  4 goblins
  2 hobgoblins (D:1)
  2 jackals (D:2)
  2 quokkas (D:2)
  2 ball pythons
  A frilled lizard (D:2)
  A kobold (D:2)
  2 rats
27 creatures vanquished.

Notes
Turn   | Place    | Note
-------+----------+-------------------------------------------
     0 | D:1      | Zonian the Tengu Gladiator began the quest for the Orb.
     0 | D:1      | Reached XP level 1. HP: 12/12 MP: 2/2
    89 | D:1      | Reached XP level 2. HP: 17/17 MP: 3/3
  1064 | D:2      | Reached XP level 3. HP: 22/22 MP: 4/4
  1454 | D:3      | Slain by an iguana

Illustrated notes

Levels and vault maps discovered:
D:1:      minmay_arrival_four_circles, layout_loops_corners, minmay_ruptured
D:2:      layout_rooms
D:3:      layout_basic, evilmike_ruin_ashenzari

Action                     || total
---------------------------++-------
  Melee: Unarmed           ||    66
         Kick              ||    15
         Peck              ||     8
         Punch             ||     1
    Use: Scroll            ||     2
   Stab: Sleeping          ||     1
 Armour: Leather armour    ||    17
  Dodge: Dodged            ||    28
  Block: Buckler           ||     4

Table legend: (Time is in decaauts)
 A = Elapsed time spent in this place.
 B = Non-inter-level travel time spent in this place.
 C = Inter-level travel time spent in this place.
 D = Time resting spent in this place.
 E = Time spent auto-exploring this place.
 F = Levels seen in this place.
 G = Mean time per level.
                   A        B        C        D        E       F      G
               +--------+--------+--------+--------+--------+-----+--------+
         Total |   1451 |   1396 |     55 |      0 |   1133 |   3 |  483.7 |
       Dungeon |   1451 |   1396 |     55 |      0 |   1133 |   3 |  483.7 |
               +--------+--------+--------+--------+--------+-----+--------+

Top non-repeatable levels by time:
     D:1: 925 daAuts
     D:2: 429 daAuts
     D:3: 96 daAuts
